 Dungeon Crawl Stone Soup version 0.14-a0-2644-gcc8e764 (webtiles) character file.

252 Psiweapon the Sneak (level 5, -2/38 HPs)
             Began as a Vampire Enchanter on Feb 16, 2014.
             Killed by divine providence
             ... invoked by an orc priest
              (13 damage)
             ... on Level 4 of the Dungeon.
             The game lasted 00:06:45 (1115 turns).

Psiweapon the Sneak (Vampire Enchanter)             Turns: 1115, Time: 00:06:46

HP  -2/38        AC  4     Str  8      XL: 5   Next: 46%
MP   7/9         EV 12     Int 17      God:
Gold 56          SH  0     Dex 14      Spells:  3 memorised,  3 levels left

rFire  . . .     SeeInvis +     i - +0 cutlass
rCold  . . .     Clarity  .     m - +0 leather armour
rNeg   . . .     Conserve .     (no shield)
rPois  .         rCorr    .     (no helmet)
rElec  .         rRot     .     (no cloak)
SustAb . .       Spirit   .     h - +0 pair of dwarf gloves
rMut   .         Warding  .     (no boots)
Saprov . . .     Stasis   .     (no amulet)
MR     .....                    (no ring)
                                (no ring)

@: regenerating quickly, bonded with blade, not resistant to hostile
enchantments, quite stealthy
A: fangs 3, see invisible, unbreathing
a: no special abilities


You were on level 4 of the Dungeon.
You were full.

You visited 1 branch of the dungeon, and saw 4 of its levels.

You collected 56 gold pieces.

Inventory:

Hand weapons
 a - a +1,+1 dagger
 i - a +0,+0 cutlass (weapon)
Missiles
 d - 12 darts
 f - 2 javelins (quivered)
 j - 6 tomahawks
Armour
 b - a +1 robe
 h - a +0 pair of dwarven gloves (worn)
 m - a +0 leather armour (worn)
Magical devices
 l - a wand of polymorph (8)
Scrolls
 g - a scroll of magic mapping {unknown}
 k - a scroll of noise {unknown}
 n - 2 scrolls of identify {unknown}
 p - a scroll of immolation {unknown}
 q - a scroll of teleportation {unknown}
 r - a scroll of curse armour {unknown}
Potions
 e - a potion of curing {unknown}
 o - a potion of lignification {unknown}
Books
 c - a book of Maledictions

   Spells                             Type                      Level
   *Corona                            Hexes                        1
   *Sure Blade                        Hexes/Charms                 2
   *Ensorcelled Hibernation           Hexes/Ice                    2
   Confuse                            Hexes                        3
   Enslavement                        Hexes                        4
   Invisibility                       Hexes                        6


   Skills:
 + Level 2.0 Fighting
 - Level 1.1 Short Blades
 + Level 2.0 Throwing
 + Level 3.7 Dodging
 + Level 5.3 Stealth
 - Level 2.0 Spellcasting
 - Level 4.4 Hexes


You had 3 spell levels left.
You knew the following spells:

 Your Spells              Type           Power        Failure   Level  Hunger
a - Corona                Hex            ###....      2%          1    #......
b - Ensorcelled Hibernat  Hex/Ice        #.....       14%         2    ##.....
c - Sure Blade            Hex/Chrm       #.........   14%         2    ##.....


Dungeon Overview and Level Annotations

Branches:
Dungeon (4/16)
 Temple: D:4-7

Altars:

Shops:
D:4 :


Innate Abilities, Weirdness & Mutations

Your natural rate of healing is unusually fast.
You have razor-sharp teeth.*
You have supernaturally acute eyesight.
You can survive without breathing.*


Message History

The orc priest is moderately wounded.
The orc priest mumbles some strange prayers to Beogh against you.
Pain shoots through your body!
You hit the orc priest but do no damage.
The orc priest is moderately wounded.
The orc priest hits you with an orcish dagger.
The orc completely misses you.
The orc wizard gestures wildly while chanting.
The orc wizard seems to speed up.
You hit the orc priest but do no damage.
The orc priest is moderately wounded.
The orc wizard casts a spell.
You feel a wave of unholy energy pass over you.
The orc priest calls down the wrath of Beogh upon you.
Something smites you!
* * * LOW HITPOINT WARNING * * *
The orc misses you. The orc closely misses you.
The orc priest mumbles some strange prayers to Beogh against you.
Something smites you!
You die...

........# #...........).## ##..
........# #..........%..# #..
........## ##.............# #..
.........###...............# #...
..............%..................
.................................
.................................
.............<..(................
.....###........@.............
....# ##....>.oo.)>.........
....# #......ho.>.>....< ....
#....(.......... ...
....(...o....... ...## ..
............. ...... ..
............. ..... ...
............... ..... ....
..................


You could see a hound, an orc priest, an orc wizard and 2 orcs.

Vanquished Creatures
  A phantom (D:4)
  A hound (D:4)
  2 worker ants (D:4)
  2 adders
  3 bats
  A giant cockroach (D:4)
  2 goblins
  A hobgoblin (D:1)
  A ball python (D:4)
  2 kobolds (D:4)
  2 quokkas (D:4)
  2 rats
20 creatures vanquished.

Notes
Turn   | Place    | Note
--------------------------------------------------------------
     0 | D:1      | Psiweapon, the Vampire Enchanter, began the quest for the Orb.
     0 | D:1      | Reached XP level 1. HP: 13/13 MP: 3/3
   237 | D:3      | Reached XP level 2. HP: 4/20 MP: 2/4
   441 | D:4      | Learned a level 2 spell: Ensorcelled Hibernation
   444 | D:4      | Learned a level 2 spell: Sure Blade
   457 | D:4      | Reached skill level 1 in Throwing
   470 | D:4      | Found Utiah's Book Shoppe.
   577 | D:4      | Reached skill level 1 in Fighting
   577 | D:4      | Reached XP level 3. HP: 17/26 MP: 1/6
   793 | D:4      | Noticed a phantom
   838 | D:4      | Killed a phantom
   838 | D:4      | Reached skill level 5 in Stealth
   838 | D:4      | Reached XP level 4. HP: 19/33 MP: 4/7
   838 | D:4      | Reached XP level 5. HP: 21/38 MP: 5/9
  1115 | D:4      | Killed from afar by an orc priest

Action                   |  1- 3 |  4- 6 || total
-------------------------+-------+-------++-------
Melee: Cutlass           |    38 |    14 ||    52
       Dagger            |    11 |     2 ||    13
Throw: Javelin           |    26 |     7 ||    33
       Dart              |     3 |       ||     3
 Cast: Corona            |     6 |     1 ||     7
       Sure Blade        |     4 |     3 ||     7
       Ensorcelled Hiber |       |     2 ||     2
Evoke: Wand              |     1 |       ||     1
  Use: Potion            |     1 |       ||     1
 Stab: Sleeping          |     1 |       ||     1
